 Dungeon Crawl Stone Soup version 0.21-a0-221-gfe971b9 (webtiles) character file.

54 Gorglomux the Skirmisher (level 3, 0/31 HPs)
             Began as a Hill Orc Earth Elementalist on Aug 26, 2017.
             Succumbed to a goblin's poison
             ... on level 2 of the Dungeon.
             The game lasted 00:01:41 (1742 turns).

Gorglomux the Skirmisher (HOEE)                     Turns: 1742, Time: 00:01:41

Health: 0/31       AC:  2    Str: 11    XL:     3   Next: 91%
Magic:  2/5        EV: 12    Int: 15    God:
Gold:   81         SH:  0    Dex: 11    Spells: 4/5 levels left

rFire    . . .     SeeInvis .   h - +0 hand axe
rCold    . . .     Gourm    .   (no shield)
rNeg     . . .     Faith    .   c - +0 robe
rPois    .         Spirit   .   (no helmet)
rElec    .         Reflect  .   (no cloak)
rCorr    .         Harm     .   (no gloves)
MR       .....                  (no boots)
Stlth    ++........             (no amulet)
HPRegen  0.10/turn              (no ring)
MPRegen  0.09/turn              (no ring)

@: lethally poisoned (0 -> -5), flying
A: no striking features
a: no special abilities


You were on level 2 of the Dungeon.
You were not hungry.

You visited 1 branch of the dungeon, and saw 2 of its levels.

You collected 81 gold pieces.

Inventory:

Hand Weapons
 f - a +0 whip
 h - a +0 hand axe (weapon)
Missiles
 b - 21 stones (quivered)
Armour
 c - a +0 robe (worn)
Jewellery
 k - an uncursed ring of protection from fire {unknown}
Scrolls
 g - a scroll of teleportation {unknown}
 i - a scroll of identify {unknown}
 j - a scroll of random uselessness {unknown}
 n - a scroll of noise {unknown}
Books
 e - a book of Geomancy

   Spells                             Type                      Level
   a - Sandblast                      Earth                        1
   b - Passwall                       Transmutation/Earth          2
   c - Stone Arrow                    Conjuration/Earth            3
   d - Petrify                        Transmutation/Earth          4
   e - Lee's Rapid Deconstruction     Earth                        5
Comestibles
 d - 2 bread rations
 z - a meat ration


   Skills:
 + Level 3.4 Fighting
 + Level 2.1 Axes
 - Level 1.5 Dodging
 - Level 1.5 Stealth
 - Level 1.5 Spellcasting
   Level 0.6 Transmutations
 - Level 3.0 Earth Magic


You had 4 spell levels left.
You knew the following spells:

 Your Spells              Type           Power        Failure   Level  Hunger
a - Sandblast             Erth           ##....       7%          1    ##.....


Dungeon Overview and Level Annotations

Branches:
Dungeon (2/15)

Altars:


Message History

You feel sick!
Found a club!
You see here 5 javelins!
Casting: Sandblast
Confirm with ! or Enter, or press ? or * to list all spells!
Aiming: Sandblast Butts: ? - help, Shift-Dir - straight line, f - quokka
Aim: a quokka (resting)
The blast of sand hits the quokka!
The quokka is heavily wounded!
b - 22 stones
Casting: Sandblast
Confirm with ! or Enter, or press ? or * to list all spells!
Aiming: Sandblast
Press: ? - help, Shift-Dir - straight line, f/p - quokka
Aim: a quokka (heavily wounded)
The blast of sand hits the quokka!
The quokka is butt dead!
b - 21 stones rip

#..# #. ##$. #### #.
######..# #... #.
#.......## #...
#.##..$.....#####...
#...............#...
#...............#...
####..##..##.#.........
#.....@...#..##........
...#...r####.###.#.#....
#.#..# #$ .....#....
#....# #.#.##.##....
#...)# #.#. ..###.#.
...?#.. . #####..#.
.......) #. ......
..##.... ...... ....


You could see a quokka.

Vanquished Creatures
  2 adders (D:1)
  A dart slug (D:2)
  7 bats (D:1)
  3 giant cockroaches (D:1)
  5 goblins
  4 hobgoblins (D:1)
  7 kobolds (D:1)
  A ball python (D:1)
  2 frilled lizards (D:2)
  3 rats
35 creatures vanquished.

Notes
Turn   | Place    | Note
-------+----------+-------------------------------------------
     0 | D:1      | Gorglomux the Hill Orc Earth Elementalist began the quest for the Orb.
     0 | D:1      | Reached XP level 1. HP: 14/14 MP: 3/3
    18 | D:1      | Reached skill level 1 in Fighting
   226 | D:1      | Reached XP level 2. HP: 16/24 MP: 2/4
   924 | D:1      | Reached skill level 1 in Axes
  1171 | D:1      | Reached XP level 3. HP: 16/30 MP: 5/5
  1534 | D:1      | Reached skill level 3 in Fighting
  1740 | D:2      | HP: 1/31 [poisoned by a goblin]
  1742 | D:2      | Succumbed to a goblin's poison

Vault maps used:
D:1:      scummos_arrival_simple_crosswalls
D:2:      lemuel_doored_altar, tgw_kikubaaqudgha

Skill      XL: |  1  2  3 |
---------------+----------+-----
Fighting       | 1 2 3 |  3.4
Axes           | 1 2 |  2.1
Dodging        | |  1.5
Stealth        | |  1.5
Spellcasting   | |  1.5
Transmutations | |  0.6
Earth Magic    | |  3.0

Action                   || total
-------------------------++-------
Melee: Whip              ||    38
       Hand axe          ||    68
 Cast: Sandblast         ||    19
  Use: Potion            ||     1
 Stab: Sleeping          ||     3
  Eat: Chunk             ||     3
Armor: Robe              ||    46
Dodge: Dodged            ||    99

Table legend:
 A = Spawn XP
 B = Non-spawn XP
 C = Spawn XP percentage of total XP
 D = Spawn monster count
 E = Non-spawn monster count
 F = Spawn count percentage of total count
 G = Total turns spent on level
                    A         B        C        D         E        F      G
               +---------+---------+-------+---------+---------+-------+---------
         Total |       9 |      69 |  11.5 |       6 |      29 |  17.1 |  1742
               +---------+---------+-------+---------+---------+-------+---------
           D:1 |       9 |      58 |  13.4 |       6 |      23 |  20.7 |  1592
           D:2 |       0 |      11 |   0.0 |       0 |       6 |   0.0 |   150
               +---------+---------+-------+---------+---------+-------+---------
